 Dungeon Sprint DCSS version 0.28.0-53-g5a82cb258f (webtiles) character file.

Game seed: 2948525363182211721

275 Zeld the Thaumaturge (level 6, -1/32 HPs)
             Began as a Deep Elf Conjurer on June 7, 2022.
             Was a Believer of Sif Muna.
             Killed by nerve-wracking pain
             ... invoked by an orc priest
              (6 damage)
             ... in the Dungeon (Sprint V: "Ziggurat Sprint").
             The game lasted 00:01:40 (1127 turns).

Zeld the Thaumaturge (Deep Elf Conjurer)            Turns: 1127, Time: 00:01:40

Health: -1/32      AC:  2    Str:  4    XL:     6   Next: 3%
Magic:  19/19      EV: 12    Int: 25    God:    Sif Muna [**....]
Gold:   0          SH:  0    Dex: 13    Spells: 6/22 levels left

rFire   . . .      SeeInvis +   x - +14 obsidian axe {vorpal, Mesm Drain Fly SInv}
rCold   . . .      Faith    .   (no shield)
rNeg    . . .      Spirit   .   a - +0 robe
rPois   .          Reflect  .   (no helmet)
rElec   .          Harm     .   (no cloak)
rCorr   .          Rampage  .   (no gloves)
Will    .....      NoTele   +   (no boots)
Stlth   ++........              (no amulet)
HPRegen 0.10/turn               (no ring)
MPRegen 0.16/turn               (no ring)

@: flying, mesmerised
A: no striking features
a: Renounce Religion, Channel Magic


You were in the Dungeon.
You worshipped Sif Muna.
Sif Muna was pleased with you.
You visited 1 branch

Inventory:

Hand Weapons
 x - the +14 obsidian axe (weapon) {vorpal, Mesm Drain Fly SInv}
   (You found it in the Dungeon)

   It inflicts extra damage upon your enemies.
   It occasionally summons demons to assist the wielder when it strikes in
   combat.
   Its wielder is mesmerised by any visible foes.
   It cannot be unequipped while any foes are visible.
   SInv:      It lets you see invisible.
   Fly:       It grants you flight.
   Drain:     It drains your maximum health when unequipped.
Armour
 a - a +0 robe (worn)
Jewellery
 u - a +6 ring of intelligence
 v - a +6 ring of intelligence
Wands
 r - a wand of mindburst (7)
 s - a wand of iceblast (7)
 t - a wand of acid (7)
Scrolls
 g - 4 scrolls of blinking
 m - 4 scrolls of amnesia
 n - 7 scrolls of fog
 o - a scroll of holy word
 p - 5 scrolls of identify
 q - 2 scrolls of fear
Potions
 b - 10 potions of curing
 c - 10 potions of heal wounds
 d - 6 potions of haste
 e - 7 potions of magic
 f - 3 potions of berserk rage
 h - 2 potions of brilliance
 i - 2 potions of invisibility
 j - 4 potions of resistance
 l - 5 potions of might
Miscellaneous
 k - a phial of floods
 w - a lightning rod (4/4)
 y - a tin of tremorstones (2/2)


   Skills:
 - Level 2.4 Dodging
 - Level 2.4 Stealth
 * Level 8.5 Spellcasting
 * Level 8.0 Conjurations
 - Level 4.6 Hexes
 - Level 3.7 Translocations
 + Level 6.5 Invocations
 + Level 6.5 Evocations


You had 6 spell levels left.
You knew the following spells:

 Your Spells              Type           Power      Damage    Failure   Level
a - Magic Dart            Conj           100%       1d8       1%          1
b - Searing Ray           Conj           100%       2d8       1%          2
c - Fulminant Prism       Conj/Hex       21%        3d13      4%          4
d - Iskenderun's Mystic   Conj/Tloc      40%        2d9       4%          4
e - Fireball              Conj/Fire      15%        3d8       30%         5

Your spell library contained the following spells:

 Spells                   Type           Power      Damage    Failure   Level
 Dazzling Flash           Conj/Hex       84%        N/A       1%          3
 Haunt                    Necr/Summ      5%         N/A       100%        7
 Summon Horrible Things   Summ           5%         N/A       100%        8


Dungeon Overview and Level Annotations

Branches:
Dungeon (1/1)

Altars:
Ashenzari
Cheibriados
Dithmenos
Elyvilon
Fedhas
Gozag
Hepliaklqana
Kikubaaqudgha
Makhleb
Nemelex Xobeh
Okawaru
Qazlal
Ru
Sif Muna
Trog
Uskayaw
Vehumet
Wu Jian
Xom
Yredelemnul
Zin
The Shining One
Beogh
Jiyva
Lugonu

Annotations:
D 1 transporter


Message History

You see here the +7 halberd "Deuliuc" {vorpal, *Noise rCorr Str+7}.
There is a transporter here.
Welcome to arena 4.
You enter the transporter and appear at another place. 2 orc wizards and 2 orc priests come into view.
Visions of slaying the orc priest flood into your mind.
The orc wizard shouts!
The orc priest shouts!
Found four items.
Found a transporter.
Unknown command.
The orc priest shouts!
The orc wizard shouts!
You hit the orc priest.
The orc priest is heavily wounded.
The orc wizard casts a spell at you. You resist with some effort.
You hit the orc priest.
The orc priest is severely wounded.
The orc priest calls down the wrath of Beogh upon you.
Beogh smites you!
The orc wizard gestures at you while chanting.
You resist with some effort.
The orc priest looks braver for a moment.
The orc priest hits you with a +0 club.
You are too injured to fight recklessly!
Unknown command.
You are too injured to fight recklessly!
You are too injured to fight recklessly!
Unknown command.
You are too injured to fight recklessly!
You barely miss the orc priest.
The orc priest is severely wounded.
You slash the orc wizard! You closely miss the orc wizard.
The orc priest mumbles some strange prayers to Beogh against you.
Beogh smites you!
* * * LOW HITPOINT WARNING * * *
The orc wizard closely misses you.
The orc wizard gestures at you while chanting.
You resist with some effort. The orc wizard misses you.
The orc priest mumbles some strange prayers to Beogh against you.
Pain shoots through your body!
You die...

▓.....▓.....▓..©..▓
▓..©..▓..©..▓▓▓▓▓▓▓
▓▓▓▓▓▓▓▓▓▓▓▓▓▓
▓..8©8...▓
▓..)}|...▓
▓...)....▓
▓...o....▓
▓....o...▓
▓..o@o...▓
▓...©....▓
▓▓▓▓▓▓▓▓▓▓


You could see 2 orc priests and 2 orc wizards.

Vanquished Creatures
  A golden eye (D)
  A crimson imp (D)
  2 quasits (D)
  An orc wizard (D)
  A white imp (D)
  2 orcs (D)
  An endoplasm (D)
9 creatures vanquished.

Notes
Turn   | Place    | Note
-------+----------+-------------------------------------------
     0 | D        | Zeld the Deep Elf Conjurer began the quest for the Orb.
     0 | D        | Reached XP level 1. HP: 10/10 MP: 6/6
     4 | D        | Found a blossoming altar of Fedhas.
     4 | D        | Found the +6 Majin-Bo {vamp, MP+6 Int+6}
     4 | D        | Found the +9 heavy crossbow "Sniper" {vorpal, Acc+∞ SInv}
     4 | D        | Found the +10 dark maul {vorpal}
     4 | D        | Found the +15 Maxwell's patent armour {-Cast -Tele rElec
                  | Will+ rCorr}
     4 | D        | Found the +18 shield of the Gong {rElec rN+ Will+ EV-5}
     4 | D        | Found the +14 obsidian axe {vorpal, Mesm Drain Fly SInv}
     4 | D        | Found the +7 great mace "Firestarter" {inner flame, rF++}
     4 | D        | Found the +6 shillelagh "Devastator" {shatter}
     4 | D        | Found the +11 plutonium sword {Contam Stlth-}
     4 | D        | Found the +8 lance "Wyrmbane" {slay drac, rPois rF+ rC+
                  | AC+3}
     4 | D        | Found the +9 sword of Zonguldrok {reap}
     4 | D        | Found the +13 scythe of Curses {drain, Drain}
     4 | D        | Found the +5 sword of Power {vorpal}
     4 | D        | Found the +7 mace of Variability {chain chaos}
     4 | D        | Found the +7 Singing Sword {vorpal, sonic wave}
     4 | D        | Found the +8 storm bow {elec, penet}
     5 | D        | Found a shimmering blue altar of Sif Muna.
     5 | D        | Found a sacrificial altar of Ru.
     5 | D        | Found a bloodstained altar of Trog.
     5 | D        | Found a stormy altar of Qazlal.
     5 | D        | Found an iron altar of Okawaru.
     5 | D        | Found a sparkling altar of Nemelex Xobeh.
     7 | D        | Found a transporter.
     7 | D        | Found an ancient bone altar of Kikubaaqudgha.
     7 | D        | Found a viscous altar of Jiyva.
     7 | D        | Found a corrupted altar of Lugonu.
     7 | D        | Found a hazy altar of Hepliaklqana.
     7 | D        | Found a burning altar of Makhleb.
     7 | D        | Found an opulent altar of Gozag.
    35 | D        | Became a worshipper of Sif Muna the Loreminder
    62 | D        | Reached skill level 5 in Conjurations
    62 | D        | Reached XP level 2. HP: 15/15 MP: 6/9
    66 | D        | Learned a level 2 spell: Searing Ray
   265 | D        | Entered arena 2.
   265 | D        | Noticed a golden eye
   265 | D        | Found a transporter.
   268 | D        | Killed a golden eye
   269 | D        | Reached skill level 5 in Invocations
   269 | D        | Reached skill level 5 in Evocations
   269 | D        | Reached XP level 3. HP: 14/19 MP: 9/13
   269 | D        | Reached XP level 4. HP: 18/24 MP: 10/15
   269 | D        | Reached XP level 5. HP: 21/28 MP: 10/16
   466 | D        | Got Han Bon's Almanac of Supportive Ignition
   472 | D        | Learned a level 4 spell: Fulminant Prism
   477 | D        | Learned a level 4 spell: Iskenderun's Mystic Blast
   483 | D        | Learned a level 5 spell: Fireball
   703 | D        | Entered arena 3.
   703 | D        | Found the +2 Maxwell's thermic engine {flame, freeze}
   703 | D        | Found a transporter.
   706 | D        | Reached * piety under Sif Muna
   932 | D        | Entered arena 4.
   932 | D        | Found a transporter.
   934 | D        | Reached ** piety under Sif Muna
   938 | D        | Reached XP level 6. HP: 16/32 MP: 16/19
  1123 | D        | Entered arena 5.
  1123 | D        | Found a transporter.
  1127 | D        | Killed from afar by an orc priest

Illustrated notes

Levels and vault maps discovered:
D:        sprint_v [room_start, room_1, room_2, room_3, room_4, room_5, room_6,
          room_7, room_8, room_9, room_10, room_11, room_12, room_13, room_14,
          room_15, room_16, room_17, room_18, room_19, room_20, room_21,
          room_22, room_23, room_24, room_25, room_26, room_27]

Skill      XL: |  1  2  3  4  5 |
---------------+----------------+-----
Spellcasting   | 4 7 8 |  8.5
Conjurations   | 5 6 8 |  8.0
Hexes          | 4 |  4.6
Translocations | 3 |  3.7
Invocations    | 2 5 6 |  6.5
Evocations     | 2 5 6 |  6.5
Dodging        | |  2.4
Stealth        | |  2.4

Action                   |  1- 3 |  4- 6 || total
-------------------------+-------+-------++-------
Melee: Broad axe         |     1 |    10 ||    11
  Use: Potion            |     1 |       ||     1
 Stab: Sleeping          |     2 |       ||     2
Armor: Robe              |       |     1 ||     1
Dodge: Dodged            |     1 |     8 ||     9
